 Dungeon Crawl Stone Soup version 0.31.0-12-g77e489cdc1 (webtiles) character file.

Game seed: 13321801843508504404

2128 Glomglom the Cleaver (level 9, -7/81 HPs)
             Began as a Hill Orc Monk on Mar 3, 2024.
             Was an Elder of Elyvilon.
             Succumbed to a water moccasin's poison
             ... on level 7 of the Dungeon on Mar 7, 2024.
             The game lasted 01:22:47 (6938 turns).

Glomglom the Cleaver (Hill Orc Monk)                Turns: 6938, Time: 01:22:48

Health: -7/81      AC:  9    Str: 16    XL:     9   Next: 29%
Magic:  3/9        EV: 13    Int: 10    God:    Elyvilon [****..]
Gold:   161        SH:  0    Dex: 15    Spells: 6/8 levels left

rFire   x . .        S - +1 hand axe (flame)
rCold   + . .        d - orb {light}
rNeg    . . .        A - +4 ring mail
rPois   .            (no helmet)
rElec   .            U - scarf {repulsion}
rCorr   .            (no gloves)
SInv    .            (no boots)
Will    .....        K - amulet of regeneration
Stlth   +            T - ring of wizardry
HPRegen 1.13/turn    W - ring of ice
MPRegen 0.11/turn

%: repel missiles, wizardry (x1)
@: lethally poisoned (-7 -> -48), very slightly contaminated, glowing
A: no striking features
a: Renounce Religion, Purification, Heal Other, Heal Self


You were on level 7 of the Dungeon.
You worshipped Elyvilon.
Elyvilon was greatly pleased with you.
You visited 1 branch of the dungeon, and saw 7 of its levels.

You collected 311 gold pieces.
You spent 150 gold pieces at shops.

Inventory:

Hand Weapons
 a - a +0 hand axe
 c - a +0 trident
 f - a +0 rapier
 g - a +1 short sword of draining
 h - a +0 shortbow
 i - a +0 club
 j - a +0 sling
 k - a +0 club
 l - a +0 whip
 p - a +2 dagger of venom
 s - a +0 mace
 t - a +0 club
 u - a +0 mace
 v - a +0 quarterstaff of draining
 w - a +0 trident
 x - a +1 war axe
 B - a +0 dagger
 E - a +0 sling
 F - a +0 arbalest
 G - a +1 dagger of venom
 I - a +0 short sword
 O - a +0 long sword
 P - a +0 falchion
 R - a +0 orcbow
 S - a +1 hand axe of flaming (weapon)
 V - a +4 shortbow
 X - a +0 dagger of freezing
Missiles
 m - 38 stones (quivered)
 r - 10 poisoned darts
Armour
 b - a +0 robe
 d - an orb of light (worn)
 e - a +0 ring mail
 n - an orb of mayhem
 o - a +1 ring mail
 q - a +0 leather armour
 y - a +0 robe
 A - a +4 ring mail (worn)
 L - a +0 plate armour
 M - a +0 robe
 N - a scarf of harm
 U - a scarf of repulsion (worn)
Jewellery
 C - an amulet of magic regeneration
 K - an amulet of regeneration (around neck)
 T - a ring of wizardry (left hand)
 W - a ring of ice (right hand)
Scrolls
 z - 3 scrolls of identify
 D - a scroll of vulnerability
 H - a scroll of silence
 J - a scroll of enchant weapon
 Q - a scroll of fog {unknown}


   Skills:
 + Level 8.1 Fighting
 - Level 0.3 Short Blades
 * Level 11.6 Axes
 + Level 5.5 Dodging


You had 6 spell levels left.
You knew the following spells:

 Your Spells              Type           Power      Damage    Failure   Level
a - Blink                 Tloc           0%         N/A       38%         2

Your spell library contained the following spells:

 Spells                   Type           Power      Damage    Failure   Level
 Magic Dart               Conj           0%         1d3       28%         1
 Call Imp                 Summ           0%         N/A       38%         2
 Gell's Gravitas          Tloc           0%         N/A       61%         3
 Teleport Other           Tloc           0%         N/A       61%         3
 Summon Blazeheart Golem  Fire/Summ      0%         N/A       94%         4
 Summon Forest            Summ/Tloc      0%         N/A       100%        5
 Summon Mana Viper        Hex/Summ       0%         N/A       100%        5
 Dispersal                Tloc           0%         N/A       100%        6
 Summon Cactus Giant      Summ           0%         N/A       100%        6
 Orb of Destruction       Conj           0%         9d5       100%        7
 Spellforged Servitor     Conj/Summ      0%         N/A       100%        7


Dungeon Overview and Level Annotations

Branches:
Dungeon (7/15)             Temple (0/1) D:4

Altars:
Elyvilon

Shops:
D:5 (

Annotations:
D:4 Pikel
D:6 Sigmund


Message History

The water moccasin poisons you!
The orc warrior hits you from afar with a +1 glaive of venom!
You are more poisoned.
You feel extremely sick.
You feel extremely sick. The water moccasin bites you.
You are lethally poisoned!
The water moccasin poisons you!
The orc warrior attacks as it pursues you!
The orc warrior hits you from afar with a +1 glaive of venom!
* * * LOW HITPOINT WARNING * * *
You are more poisoned.
You feel purified! The water moccasin bites you.
* * * LOW HITPOINT WARNING * * *
You are poisoned.
The water moccasin poisons you!
You feel very sick. The water moccasin bites you!
* * * LOW HITPOINT WARNING * * *
You feel purified!
The water moccasin bites you but does no damage.
You fail to use your ability.
The orc warrior hits you from afar with a +1 glaive of venom!!
Elyvilon protects you from harm!
You are lethally poisoned!
The water moccasin bites you.
* * * LOW HITPOINT WARNING * * *
You are more poisoned.
The water moccasin poisons you!
Okay, then.
You aren't carrying any potions.
Okay, then.
Okay, then.
Okay, then.
Casting: Blink (dangerous; 38% risk of failure)
Confirm with . or Enter, or press ? or * to list all spells.
You miscast Blink.
You are very lightly contaminated with residual magic.
Nothing appears to happen.
You die...

..#.#.)###............
.##.##)##..#.........#
.#...#.)..###........#
.#.#.#....###........##
##.#.##..........#....# #
#..#..#..........#....#..
#.###.##..........###....
.[ #..###........##.....
.# ##...####...@........
# ###..[.#####S.......
#.o.$..)...oo.o.......
#...###....#####........
## #...#### ..####..#
#..### .## :# #.# .. .
#.. .. #. ...


You could see an orc warrior and a water moccasin.

Vanquished Creatures
  An orc warrior (D:6)
  2 water moccasins
  A black bear (D:6)
  2 ice beasts
  4 centaurs
  A lemure (D:4)
  3 phantoms
  2 scorpions (D:5)
  A bullfrog (D:6)
  5 killer bees (D:6)
  3 hounds
  2 bombardier beetles (D:5)
  2 orc priests
  2 gnoll boudas
  An iguana (D:6)
  2 sleepcaps
  3 orc wizards
  6 gnolls
  5 adders
  A shadow imp (D:6)
  2 white imps
  2 dart slugs (D:1)
  A ribbon worm (D:2)
  6 orcs
  5 endoplasms
  3 giant cockroaches
  6 hobgoblins
  5 jackals
  6 kobolds
  3 quokkas
  4 ball pythons
  A bat (D:1)
  5 frilled lizards
  4 goblins
  6 rats
108 creatures vanquished.

Notes
Turn   | Place    | Note
-------+----------+-------------------------------------------
     0 | D:1      | Glomglom the Hill Orc Monk began the quest for the Orb.
     0 | D:1      | Reached XP level 1. HP: 19/19 MP: 1/1
   140 | D:1      | Reached XP level 2. HP: 21/27 MP: 2/2
   525 | D:1      | Reached XP level 3. HP: 29/33 MP: 3/3
   788 | D:1      | Found a faded altar of an unknown god.
   811 | D:1      | Prayed at the altar of an unknown god.
   811 | D:1      | Became a worshipper of Elyvilon the Healer
   811 | D:1      | Reached * piety under Elyvilon
   811 | D:1      | Reached ** piety under Elyvilon
  1012 | D:2      | Reached *** piety under Elyvilon
  1746 | D:3      | Reached skill level 5 in Axes
  1746 | D:3      | Reached XP level 4. HP: 27/41 MP: 4/4
  2103 | D:3      | Noticed a centaur
  2119 | D:3      | Elyvilon protects you from harm!
  2285 | D:3      | Killed a centaur
  2286 | D:3      | Reached XP level 5. HP: 40/47 MP: 5/5
  2329 | D:3      | Reached skill level 6 in Axes
  2653 | D:4      | Reached **** piety under Elyvilon
  2702 | D:4      | Noticed a lemure
  2702 | D:4      | Noticed a lemure
  2702 | D:4      | Noticed a lemure
  2702 | D:4      | Noticed Pikel
  2811 | D:4      | Noticed a phantom
  2845 | D:4      | Killed a phantom
  2846 | D:4      | Reached skill level 5 in Fighting
  2846 | D:4      | Reached XP level 6. HP: 56/56 MP: 6/6
  2864 | D:4      | Noticed a black bear
  3196 | D:4      | Found a staircase to the Ecumenical Temple.
  3383 | D:5      | Entered Level 5 of the Dungeon
  3442 | D:5      | Reached skill level 7 in Axes
  3489 | D:5      | Noticed a moth of wrath
  3540 | D:5      | Found Lukuc's Antique Weapon Emporium.
  3549 | D:5      | Reached XP level 7. HP: 62/62 MP: 7/7
  3561 | D:5      | Bought a glowing hand axe for 150 gold pieces
  3757 | D:5      | Reached skill level 8 in Axes
  4647 | D:6      | Reached XP level 8. HP: 45/71 MP: 8/8
  4823 | D:6      | Reached skill level 9 in Axes
  5139 | D:6      | Noticed Sigmund
  5284 | D:6      | Reached skill level 10 in Axes
  5326 | D:6      | Reached skill level 5 in Dodging
  5837 | D:6      | Learned a level 2 spell: Blink
  5916 | D:5      | Reached XP level 9. HP: 80/80 MP: 9/9
  6156 | D:6      | Reached skill level 11 in Axes
  6937 | D:7      | Elyvilon protects you from harm!
  6937 | D:7      | HP: 4/81 [water moccasin (4)]
  6938 | D:7      | Succumbed to a water moccasin's poison

Illustrated notes

Levels and vault maps discovered:
D:1:      dpeg_arrival_central, layout_basic,
          dreamdust_ecumenical_altar_statues, hangedman_decor_points
D:2:      layout_loops_ring, minmay_misc_feat_alley
D:3:      layout_rooms
D:4:      layout_basic, minmay_temple_entry_sparse_star,
          lightli_sewer_entry_pipes, uniq_pikel
D:5:      layout_rooms, tgw_trog, serial_shops, nicolae_shop_getting_attention
D:6:      minmay_evil_eye, layout_basic, uniq_sigmund
D:7:      minmay_general_purpose_star, layout_cave_pools, serial_column_ruins,
          column_ruins_hut, column_ruins_circle_large, column_ruins_open_tiny,
          column_ruins_corridor_straight, column_ruins_open_small_water,
          column_ruins_grid_1, uniq_prince_ribbit1

Skill      XL: |  1  2  3  4  5  6  7  8  9 |
---------------+----------------------------+-----
Fighting       | 4 5 6 7 8 |  8.1
Axes           | 5 6 7 8 10 11 | 11.6
Dodging        | 3 4 5 |  5.5
Short Blades   | |  0.3

Action                     |  1- 3 |  4- 6 |  7- 9 || total
---------------------------+-------+-------+-------++-------
  Melee: Hand axe          |    15 |       |   237 ||   252
         Short sword       |    36 |       |       ||    36
         War axe           |    32 |    91 |     2 ||   125
 Invoke: Heal Self         |       |       |     2 ||     2
         Purification      |       |       |     2 ||     2
    Use: Scroll            |     4 |       |     3 ||     7
         Potion            |       |     1 |     5 ||     6
 Armour: Robe              |    27 |       |       ||    27
         Ring mail         |    18 |    84 |   223 ||   325
  Dodge: Dodged            |    45 |    60 |   227 ||   332
         Repelled          |       |       |     1 ||     1
